AoeStats
← Mr. Penis

Arena

508522614Analyzed
4v4 RM · 8d ago on Sep 22, 2026· 37m 41s· 8 players
Game mode
Random Map
Map size
Large (8 player)
Population
200
Speed
Normal
Resources
Standard
Victory
Conquest
Starting age
Dark Age
Ending age
Imperial Age
RankedLock teamsTeams togetherTeam positionsShared explorationLock speedFull tech treeHidden civsTurbo modeCheats
Victory
Defeat
🇨🇦 Poles · Canada
1220
+15
🇧🇷 Huns · Brazil
1194
+16
🇲🇽 Italians · Mexico
1193
+16
🇲🇽 Vikings · Mexico
1161
+17
1245
-19
🇷🇺 Jurchens · Russia
1228
-17
🇩🇪 Saxons · Germany
1145
-14
🇵🇪 Hindustanis · Peru
1144
-14
zaackvader10
12:26 Feudal Age
14:41 Wheelbarrow
16:09 Castle Age
14:15 Double-Bit Axe
14:40 Horse Collar
21:37 Imperial Age
20:08 Fervor
20:29 Gold Mining
21:19 Loom
22:52 Wheelbarrow
23:41 Chemistry
31:48 Stone Mining
32:17 Hand Cart
35:21 Padded Archer Armor
35:12 Fletching
35:32 Forging
35:23 Scale Mail Armor
35:28 Scale Barding Armor
35:47 Ballistics
35:39 Fortified Wall
35:24 Murder Holes
35:40 Masonry
35:51 Bombard Tower
36:26 Town Watch
37:26 Pirotechnia
37:37 Conscription
38:13 Leather Archer Armor
37:54 Bodkin Arrow
JM-POL
11:04 Feudal Age
14:42 Castle Age
15:45 Double-Bit Axe
20:41 Loom
20:42 Town Watch
21:49 Town Patrol
23:11 Horse Collar
23:42 Bow Saw
23:37 Gold Mining
24:15 Heavy Plow
25:21 Gold Shaft Mining
29:45 Imperial Age
28:23 Stone Mining
29:19 Coinage
28:49 Caravan
29:07 Fervor
29:10 Fortified Wall
29:11 Masonry
28:42 Treadmill Crane
28:53 Heated Shot
28:58 Murder Holes
29:29 Man-at-Arms
30:10 Squires
30:11 Scale Mail Armor
30:22 Forging
30:49 Ballistics
31:41 Chemistry
31:12 Architecture
31:48 Two-Man Saw
31:23 Crop Rotation
31:20 Chain Mail Armor
30:45 Long Swordsman
31:11 Arson
31:54 Siege Engineers
32:41 Iron Casting
31:28 Two-Handed Swordsman
32:19 Guard Tower
32:20 Arrowslits
33:25 Plate Mail Armor
32:48 Champion
35:27 Blast Furnace
35:11 Conscription
34:13 Spies/Treason
35:10 Chieftains
36:16 Elite Varangian Guard
IPwnAllNoobs
7:21 Loom
11:25 Feudal Age
14:40 Double-Bit Axe
14:40 Horse Collar
17:03 Castle Age
15:51 Scale Mail Armor
17:40 Forging
18:52 Chain Mail Armor
18:55 Squires
18:54 Arson
19:40 Bow Saw
20:46 Iron Casting
21:30 Heavy Plow
33:20 Wheelbarrow
32:43 Stone Mining
32:45 Gold Mining
36:47 Imperial Age
36:44 Fletching
38:14 Plate Mail Armor
38:16 Conscription
MattVini
11:56 Feudal Age
13:10 Double-Bit Axe
13:50 Horse Collar
17:26 Castle Age
15:38 Gold Mining
16:33 Fletching
16:44 Padded Archer Armor
18:46 Wheelbarrow
18:51 Bodkin Arrow
30:57 Loom
31:57 Gold Shaft Mining
31:59 Stone Mining
36:17 Imperial Age
34:43 Hand Cart
36:19 Spies/Treason
37:36 Conscription
37:21 Bracer
37:36 Leather Archer Armor
[UNZ] SmellyCoder70
3:18 Loom
4:56 Loom
Crackhörnchen
11:22 Feudal Age
17:06 Castle Age
15:28 Double-Bit Axe
15:52 Horse Collar
20:44 Forging
20:43 Loom
Mr. Penis
The_Valhalla
Connection lost

Rejoining the realm…

Still unreachable

The connection could not be restored.

Session expired

The server has moved on; the page needs a fresh start.